 Dungeon Crawl Stone Soup version 0.29.1-4-g47bece8355 (webtiles) character file.

Game seed: 578823151484666291

3470 Mitcholas the Trooper (level 10, 0/76 HPs)
             Began as a Djinni Conjurer on Dec 2, 2022.
             Was an Initiate of Makhleb.
             Slain by Maggie
             ... wielding a +0 broad axe of distortion
              (14 damage)
             ... on level 8 of the Dungeon.
             The game lasted 00:34:19 (9587 turns).

Mitcholas the Trooper (Djinni Conjurer)             Turns: 9587, Time: 00:34:20

Health: 0/76       AC:  5    Str: 10    XL:     10   Next: 27%
Gold:   395        EV: 11    Int: 25    God:    Makhleb [......] SH:  5 Dex: 11

rFire   + + .      SeeInvis .   v - +7 rapier "Widowmaker" {pain, rPois Str+4}
rCold   x . .      Faith    .   u - +0 buckler
rNeg    . . .      Spirit   .   k - +0 leather armour
rPois   ∞          Reflect  .   (no helmet)
rElec   .          Harm     .   D - +1 cloak
rCorr   +          Rampage  .   (no gloves)
Will    ++...                   (boots unavailable)
Stlth   ++........              (no amulet)
HPRegen 0.22/turn               g - ring of willpower
MPRegen 0.00/turn               h - ring of resist corrosion

@: flying
A: sickness immunity, fire resistance 2, cold vulnerability 1, float, innate
caster, HP casting, extra vitality 1
a: Renounce Religion


You were on level 8 of the Dungeon.
You worshipped Makhleb.
Makhleb was noncommittal.
You visited 2 branches of the dungeon, and saw 9 of its levels.

You collected 395 gold pieces.

Inventory:

Hand Weapons
 v - the +7 rapier "Widowmaker" (weapon) {pain, rPois Str+4}
   (You found it on level 4 of the Dungeon)

   In the hands of one skilled in necromantic magic, it inflicts extra damage on
   living creatures.
   Your inability to study Necromancy prevents you from drawing on the full
   power of this weapon.
   Str:       It affects your strength (+4).
   rPois:     It protects you from poison.
Missiles
 A - 2 throwing nets
Armour
 k - a +0 leather armour (worn)
 u - a +0 buckler (worn)
 w - a +0 ring mail of fire resistance
 D - a +1 cloak (worn)
Jewellery
 g - a ring of willpower (left hand)
 h - a ring of resist corrosion (right hand)
 p - a ring of protection from fire
Wands
 a - a wand of polymorph (10)
 b - a wand of light (18)
Scrolls
 d - 4 scrolls of teleportation
 i - 3 scrolls of poison
 m - a scroll of fog
 n - 4 scrolls of fear
 y - a scroll of noise
 E - a scroll of torment
Potions
 c - 3 potions of mutation
 e - a potion of brilliance {unknown}
 f - 2 potions of might
 j - 2 potions of attraction
 l - 7 potions of curing
 q - 2 potions of lignification
 r - 2 potions of haste
 x - a potion of heal wounds {unknown}
 B - a potion of ambrosia {unknown}


   Skills:
 * Level 7.9 Fighting
 + Level 5.0 Armour
 - Level 2.5 Dodging
 - Level 2.0 Stealth
 + Level 4.7 Shields
 * Level 7.1 Spellcasting
 + Level 2.8 Invocations


You couldn't memorise any spells.
You knew the following spells:

 Your Spells              Type           Power      Damage    Failure   Level
a - Magic Dart            Conj           100%       1d8       1%          1
b - Searing Ray           Conj           88%        2d7       1%          2
c - Dazzling Flash        Conj/Hex       88%        N/A       1%          3
d - Fulminant Prism       Conj/Hex       22%        3d13      6%          4
e - Iskenderun's Mystic   Conj/Tloc      44%        2d10      6%          4
f - Foxfire               Conj/Fire      100%       2x1d9     1%          1
g - Call Imp              Summ           44%        N/A       1%          2
h - Poisonous Vapours     Pois/Air       88%        N/A       1%          2
i - Animate Armour        Summ/Erth      88%        N/A       6%          4
Your spell library was empty.

Dungeon Overview and Level Annotations

Branches:
Dungeon (8/15)             Temple (1/1) D:6
   Lair: D:8-11

Altars:
Ashenzari
Cheibriados
Dithmenos
Elyvilon
Fedhas
Hepliaklqana
Makhleb
Nemelex Xobeh
Okawaru
Trog
Uskayaw
Xom
Zin

Portals:
Bailey: D:8

Annotations:
D:8 Maggie


Innate Abilities, Weirdness & Mutations

You are immune to sickness and miasma.
You are immune to poison.
Your flesh is very heat resistant. (rF++)
You are vulnerable to cold. (rC-)
You float through the air rather than walking.
You learn spells naturally, not from books.
Your magical power is your life essence.
You have superior vitality. (+4 MHP)


Message History

Unknown command.
Casting: Foxfire (safe; 1% risk of failure)
Press: ? - help, Q - select action, (/) - cycle Dir - look around, f - activate You conjure some foxfire!
Maggie hits you with a +0 broad axe of distortion!
* * * LOW HITPOINT WARNING * * *
Maggie barely misses your crimson imp.
Maggie hits your foxfire with a +0 broad axe of distortion.
You blink.
Your crimson imp hits Maggie but does no damage.
Casting: Foxfire (safe; 1% risk of failure)
Press: ? - help, Q - select action, (/) - cycle Dir - look around, f - activate You conjure some foxfire!
* * * LOW HITPOINT WARNING * * *
The foxfire hits Maggie.
Maggie is moderately wounded.
The foxfire hits Maggie.
Maggie is heavily wounded.
Your crimson imp hits Maggie but does no damage.
Casting: Foxfire (safe; 1% risk of failure)
Press: ? - help, Q - select action, (/) - cycle Dir - look around, f - activate You conjure some foxfire!
* * * LOW HITPOINT WARNING * * *
The foxfire hits Maggie.
Maggie is heavily wounded.
The foxfire hits Maggie.
Maggie is heavily wounded.
Your crimson imp blinks!
You closely miss Maggie.
Maggie is heavily wounded.
The foxfire hits Maggie.
Maggie is heavily wounded.
The foxfire hits Maggie!
Maggie is severely wounded.
Maggie hits you with a +0 broad axe of distortion.
* * * LOW HITPOINT WARNING * * *
Space warps around you.
* * * LOW HITPOINT WARNING * * *
Maggie hits you with a +0 broad axe of distortion!
You die...

. #######.#
#.......#
###.≈≈~≈≈.#
#..§§.>.≈.. .#.
####.§@~.∩.~..
....##....5@≈...≈..
#...#....§..≈≈~≈≈..
...................
.......#)[........
#.)#.)..........
.).#..))#..........
.......<.)........#
..[..####........


You could see Maggie (very poisoned, ally target), a friendly animated leather
armour (summoned) and a friendly crimson imp (summoned).

Vanquished Creatures
  Menkaure (D:6)
  A water moccasin (D:5)
  An orc warrior (D:8)
  A sky beast (D:7)
  2 black bears
  2 ogres (D:5)
  A centaur (D:5)
  A phantom (D:5)
  Blork the orc (D:6)
  A bullfrog (D:5)
  A necrophage (D:7)
  2 scorpions
  8 wights
  9 killer bees
  2 nameless horrors (D:6)
  2 hounds
  A jelly (D:5)
  2 orc priests
  5 iguanas
  3 orc wizards
  7 adders
  7 gnolls (D:4)
  3 white imps
  3 worms
  A dart slug (D:3)
  17 orcs
  4 bats
  3 endoplasms
  4 giant cockroaches
  12 goblins
  7 hobgoblins
  4 jackals (D:1)
  5 kobolds
  4 quokkas
  3 ball pythons
  3 frilled lizards
  5 rats
139 creatures vanquished.

Vanquished Creatures (collateral kills)
  A hornet (D:7)
  A wyvern (D:7)
  A water moccasin (D:6)
  A necrophage (D:7)
  A scorpion (D:5)
  3 wights (D:7)
  A killer bee (D:7)
  A hound (D:4)
  An orc priest (D:4)
  A gnoll (D:4)
  A shadow imp (D:6)
  A white imp (D:6)
  An orc (D:7)
15 creatures vanquished.

Vanquished Creatures (others)
  A goblin (D:8)
  339 foxfires
340 creatures vanquished.

Grand Total: 494 creatures vanquished

Notes
Turn   | Place    | Note
-------+----------+-------------------------------------------
     0 | D:1      | Mitcholas the Djinni Conjurer began the quest for the Orb.
     0 | D:1      | Mitcholas set off with the following spells memorised:
                  | Magic Dart, Searing Ray, Dazzling Flash, Fulminant Prism,
                  | Iskenderun's Mystic Blast.
     0 | D:1      | Reached XP level 1. HP: 15/15 MP: 0/0
   242 | D:1      | Found a faded altar of an unknown god.
   354 | D:1      | Reached XP level 2. HP: 19/21 MP: 0/0
   874 | D:1      | Reached XP level 3. HP: 25/26 MP: 0/0
   874 | D:1      | Learned a level 1 spell: Foxfire
  1535 | D:2      | Reached skill level 1 in Fighting
  2470 | D:3      | Reached XP level 4. HP: 28/32 MP: 0/0
  2980 | D:3      | Found a broken altar of Ashenzari.
  3357 | D:4      | Reached skill level 1 in Armour
  3420 | D:4      | Noticed a black bear
  3424 | D:4      | Killed a black bear
  3425 | D:4      | Reached XP level 5. HP: 36/40 MP: 0/0
  3425 | D:4      | Learned a level 2 spell: Call Imp
  3462 | D:4      | Reached XP level 6. HP: 40/46 MP: 0/0
  3659 | D:4      | Identified the +7 rapier "Widowmaker" {pain, rPois Str+4}
  4144 | D:4      | Reached skill level 1 in Shields
  4144 | D:4      | Reached XP level 7. HP: 43/50 MP: 0/0
  4144 | D:4      | Learned a level 2 spell: Poisonous Vapours
  4851 | D:5      | Entered Level 5 of the Dungeon
  5515 | D:5      | Noticed a water moccasin
  5689 | D:5      | Reached skill level 5 in Spellcasting
  5689 | D:5      | Reached XP level 8. HP: 54/58 MP: 0/0
  5857 | D:5      | Reached skill level 5 in Fighting
  6424 | D:6      | Reached XP level 9. HP: 46/66 MP: 0/0
  6424 | D:6      | Learned a level 4 spell: Animate Armour
  7061 | D:6      | Noticed Menkaure
  7067 | D:6      | Killed Menkaure
  7173 | D:6      | Found a staircase to the Ecumenical Temple.
  7181 | Temple   | Entered the Ecumenical Temple
  7186 | Temple   | Became a worshipper of Makhleb the Destroyer
  7427 | D:6      | Noticed Blork the orc
  7434 | D:6      | Killed Blork the orc
  7892 | D:7      | Reached skill level 1 in Invocations
  8208 | D:7      | Noticed a hornet
  8215 | D:7      | Killed a hornet
  8621 | D:7      | Reached XP level 10. HP: 56/75 MP: 0/0
  9158 | D:8      | Identified a scroll of acquirement
  9158 | D:8      | Acquired a manual of Shields
  9566 | D:8      | Found a flagged portal.
  9571 | D:8      | Reached skill level 5 in Armour
  9575 | D:8      | Noticed Maggie
  9587 | D:8      | Slain by Maggie

Illustrated notes

Levels and vault maps discovered:
D:1:      dpeg_arrival_lava_temple_mockup, layout_basic,
          hellmonk_ecumenical_altar_heavens_door
D:2:      layout_basic, bh_walls_and_bars
D:3:      layout_loops_corners, mainiacjoe_overflow_catwalk, chequers_garden
D:4:      layout_cave_pods, chequers_serial_rivers_small_b, st_stairs_13
D:5:      layout_basic, grunt_decor_cap
D:6:      layout_loops_corners, minmay_temple_entry_glassed_door,
          uniq_blork_the_orc, uniq_menkaure
D:7:      layout_rooms
D:8:      layout_rooms, enter_bailey_5, uniq_maggie
Temple:   minmay_freezing_vapour_temple

Skill      XL: |  1  2  3  4  5  6  7  8  9 10 |
---------------+-------------------------------+-----
Stealth        | 2 |  2.0
Fighting       | 1 2 3 4 5 7 |  7.9
Armour         | 1 2 3 4 5 |  5.0
Spellcasting   | 4 5 6 7 |  7.1
Shields        | 1 2 3 4 |  4.7
Invocations    | 2 |  2.8
Dodging        | |  2.5

Action                   |  1- 3 |  4- 6 |  7- 9 | 10-12 || total
-------------------------+-------+-------+-------+-------++-------
Melee: Dagger            |     1 |     5 |       |       ||     6
       Rapier            |       |     3 |    23 |     4 ||    30
 Cast: Magic Dart        |    27 |       |       |       ||    27
       Searing Ray       |     1 |       |    12 |     6 ||    19
       Foxfire           |    37 |    61 |   114 |     7 ||   219
       Call Imp          |       |    12 |    24 |     4 ||    40
       Iskenderun's Myst |       |       |     8 |     7 ||    15
       Animate Armour    |       |       |     8 |     4 ||    12
       Poisonous Vapours |       |       |     4 |     2 ||     6
  Use: Scroll            |       |       |       |    19 ||    19
 Stab: Sleeping          |       |       |     1 |       ||     1
Armor: Leather armour    |       |       |     5 |     2 ||     7
Dodge: Dodged            |     3 |     5 |    19 |    12 ||    39
Block: Buckler           |       |       |     4 |     7 ||    11
